 Dungeon Crawl Stone Soup version 0.32-a0-361-g289a535e89 (webtiles) character file.

Game seed: 3734510698324269826

1008 Melum the Changeling (level 8, -3/82 HPs)
             Began as an Octopode Shapeshifter on Feb 19, 2024.
             Was an Initiate of Beogh.
             Slain by a wraith (5 damage)
             ... on level 5 of the Dungeon.
             The game lasted 00:12:36 (2851 turns).

Melum the Changeling (Octopode Shapeshifter)        Turns: 2851, Time: 00:12:37

Health: -3/82      AC: 24    Str: 15    XL:     8   Next: 20%
Magic:  8/8        EV:  2    Int: 13    God:    Beogh [......]
Gold:   243        SH:  0    Dex: 11    Spells: 7/7 levels left

rFire   . . .        q - +0 whip (elec)
rCold   . . .        (no shield)
rNeg    . . .        (helmet currently unavailable)
rPois   +            g - amulet of regeneration
rElec   .            (no ring)
rCorr   .            (no ring)
SInv    .            (no ring)
Will    .....        (no ring)
Stlth   +++          (no ring)
HPRegen 1.13/turn    (no ring)
MPRegen 0.11/turn    (no ring)
                     (no ring)

%: no passive effects
@: tree-form, slowed, very slow
A: stationary, stasis, torment immunity, boosted hp, almost no armour,
(amphibious), 8 rings, (camouflage 1), (gelatinous body 1), (nimble swimmer 1),
(tentacles)
a: Renounce Religion


You were on level 5 of the Dungeon.
You worshipped Beogh.
Beogh was noncommittal.
You were a tree.
You visited 1 branch of the dungeon, and saw 6 of its levels.

You collected 243 gold pieces.

Inventory:

Hand Weapons
 b - a +0 dagger
 q - a +0 whip of electrocution (weapon)
Missiles
 d - 5 javelins (quivered)
Armour
 v - a +0 cloak
Jewellery
 g - an amulet of regeneration (around neck)
Talismans
 c - a flux talisman
 o - a beast talisman (active)
Wands
 A - a wand of flame (16)
Scrolls
 f - 2 scrolls of vulnerability {unknown}
 i - a scroll of noise {unknown}
 j - 2 scrolls of fog {unknown}
 m - 6 scrolls of identify {unknown}
 s - a scroll of amnesia {unknown}
 u - a scroll of acquirement {unknown}
 w - a scroll of torment {unknown}
 x - 3 scrolls of enchant armour {unknown}
 y - 2 scrolls of enchant weapon {unknown}
 z - a scroll of immolation {unknown}
Potions
 a - 2 potions of lignification
 e - a potion of heal wounds {unknown}
 h - 3 potions of enlightenment
 k - a potion of might {unknown}
 l - a potion of curing {unknown}
 n - a potion of magic {unknown}
 p - a potion of ambrosia {unknown}
 r - a potion of berserk rage {unknown}
 t - 2 potions of haste {unknown}


   Skills:
 - Level 5.0 Fighting
 - Level 2.0 Dodging
 - Level 5.0 Stealth
 - Level 5.0 Unarmed Combat
 + Level 5.9 Shapeshifting


You had 7 spell levels left.
You didn't know any spells.
Your spell library contained the following spells:

 Spells                   Type           Power      Damage    Failure   Level
 Call Canine Familiar     Summ           0%         N/A       67%         3
 Sigil of Binding         Hex            0%         N/A       67%         3
 Dimensional Bullseye     Hex/Tloc       0%         N/A       97%         4


Dungeon Overview and Level Annotations

Branches:
Dungeon (6/15)
 Temple: D:4-7

Altars:
Gozag
Makhleb
Nemelex Xobeh
Yredelemnul
Zin
The Shining One


Innate Abilities, Weirdness & Mutations

You are a tree.
Your roots penetrate the ground, keeping you stationary.
You cannot be teleported.
You are immune to unholy pain and torment.
Your maximum health is greatly increased.
You cannot wear most types of armour.
((You are amphibious.))
You can wear up to eight rings at the same time.
((Your skin changes colour to match your surroundings (Stealth+).))
((Your rubbery body absorbs attacks. (AC +1, EV +1)))
((You are camouflaged when in or above water. (Stealth+)))
((You have tentacles for arms and can constrict up to eight enemies at once.))


Message History

You hit the wraith but do no damage.
The wraith is moderately damaged.
The wraith hits you but does no damage. x2
You hit the wraith but do no damage. Lightning courses through the wraith!
The wraith is severely damaged.
The wraith hits you!
* * * LOW HITPOINT WARNING * * *
The wraith hits you.
* * * LOW HITPOINT WARNING * * *
The wraith drains your vigour!
You feel as though you will be slow longer.
It was a potion of enlightenment.
Your roots keep you in place.
The wraith hits you but does no damage.
You barely miss the wraith.
The wraith is severely damaged.
The wraith hits you but does no damage. The wraith hits you!
* * * LOW HITPOINT WARNING * * *
The wraith drains your vigour!
You feel as though you will be slow longer.
You hit the wraith.
The wraith is severely damaged.
Your enlightenment fades.
The wraith hits you but does no damage.
Press: ? - help, v - describe, . - travel
Here: a wraith (severely damaged)
The floor.
Throw: 5 javelins
Press: ? - help, Q - select action, (/) - cycle Shift-Dir - straight line, f - wraith
Aim: a wraith (severely damaged, 54% to hit)
Okay, then.
Okay, then.
You closely miss the wraith.
The wraith is severely damaged.
The wraith hits you!
* * * LOW HITPOINT WARNING * * *
The wraith hits you but does no damage.
You barely miss the wraith.
The wraith is severely damaged.
The wraith hits you.
You die...

#.#......# #.#.# #.#..#.#.#.#
#.#.# #....#.#.#.# #.#.#
#....#.#.#.# #.#.#
..##....#.#.#.# # #.#..
.........>..#.#.# #.###
....#..#.###.#.# #.# #
###..#.#...W.# #.# # #......#
#♣### #.# #.#.####.#.#.#<#
#.#
#..<.......#.#.##########.###
########.###.#...............
#.# #.############.### #.#
#.# #?# #.# #.# #.# #.#
######.#


You could see a wraith.

Vanquished Creatures
  An ice beast (D:6)
  An ogre (D:3)
  2 phantoms (D:4)
  2 scorpions
  5 hounds (D:4)
  A sleepcap (D:4)
  An iguana (D:5)
  An orc wizard (D:4)
  5 adders
  7 gnolls
  A shadow imp (D:6)
  12 dart slugs
  2 ribbon worms
  17 orcs
  4 bats
  8 endoplasms
  8 giant cockroaches
  6 goblins
  5 hobgoblins
  A quokka (D:4)
  8 ball pythons
  4 frilled lizards
  5 kobolds
  5 rats
112 creatures vanquished.

Notes
Turn   | Place    | Note
-------+----------+-------------------------------------------
     0 | D:1      | Melum the Octopode Shapeshifter began the quest for the
                  | Orb.
     0 | D:1      | Reached XP level 1. HP: 13/13 MP: 1/1
    84 | D:1      | Reached XP level 2. HP: 18/18 MP: 2/2
   326 | D:1      | Reached XP level 3. HP: 21/23 MP: 3/3
   784 | D:2      | Found a faded altar of an unknown god.
   828 | D:2      | Reached XP level 4. HP: 25/28 MP: 4/4
   831 | D:2      | Found a glowing silver altar of Zin.
   846 | D:2      | Reached skill level 5 in Unarmed Combat
  1142 | D:2      | Reached XP level 5. HP: 15/35 MP: 5/5
  1233 | D:3      | Noticed an ogre
  1275 | D:3      | Killed an ogre
  1276 | D:3      | Reached XP level 6. HP: 44/44 MP: 6/6
  1394 | D:3      | Found an opulent altar of Gozag.
  1406 | D:3      | Reached skill level 5 in Fighting
  1724 | D:4      | Reached XP level 7. HP: 45/50 MP: 7/7
  1753 | D:4      | Reached skill level 5 in Stealth
  2003 | D:4      | Became a worshipper of Beogh the Shepherd
  2124 | D:4      | You fall into a shaft and drop 2 floors!
  2186 | D:6      | Found a basalt altar of Yredelemnul.
  2191 | D:6      | Found a sparkling altar of Nemelex Xobeh.
  2199 | D:6      | Reached skill level 5 in Shapeshifting
  2199 | D:6      | Reached XP level 8. HP: 55/55 MP: 8/8
  2235 | D:5      | Entered Level 5 of the Dungeon
  2283 | D:4      | Found a glowing golden altar of the Shining One.
  2283 | D:4      | Found a burning altar of Makhleb.
  2832 | D:5      | Noticed a wraith
  2850 | D:5      | HP: 1/82 [wraith (9)]
  2851 | D:5      | Slain by a wraith

Illustrated notes

Levels and vault maps discovered:
D:1:      ebering_trefoil_twist, layout_rooms, serial_aquarium,
          aquarium_bridge_straight [aquarium_subvault_bridge,
          aquarium_subvault_window, aquarium_subvault_bridge,
          aquarium_subvault_wall], aquarium_bridge_square
          [aquarium_subvault_bridge, aquarium_subvault_window,
          aquarium_subvault_bridge, aquarium_subvault_wall], aquarium_window_2,
          aquarium_window_fake, aquarium_window_3, aquarium_window_1,
          aquarium_view_2c, dk_noncrumbling_2
D:2:      layout_rooms, basic_altar, hellmonk_ecumenical_altar_arch_garden
D:3:      kennysheep_slugbush, layout_rooms, nicolae_gozag_seed_capital
D:4:      layout_gridville, gammafunk_temple_overflow_pools,
          dreamdust_gnoll_farm
D:5:      layout_basic, minmay_temple_entry_proselytizer, uniq_blork_the_orc,
          uniq_ijyb
D:6:      layout_loops_ring, grunt_temple_overflow_open,
          hellmonk_ghost_happy_afterlife, chequers_serial_rivers_micro_c,
          st_stairs_9, lexackson_kobold_supper

Skill      XL: |  1  2  3  4  5  6  7 |
---------------+----------------------+-----
Unarmed Combat | 4 5 |  5.0
Fighting       | 2 4 5 |  5.0
Stealth        | 3 5 |  5.0
Shapeshifting  | 5 |  5.9
Dodging        | |  2.0

Action                     |  1- 3 |  4- 6 |  7- 9 || total
---------------------------+-------+-------+-------++-------
  Melee: Unarmed           |    46 |       |       ||    46
         Constrict         |    12 |    22 |    19 ||    53
         Tentacles         |     8 |    19 |    16 ||    43
         Punch             |     1 |       |       ||     1
         Whip              |     2 |    98 |    75 ||   175
         Dagger            |     2 |       |       ||     2
 Invoke: Convert to Beogh  |       |       |     1 ||     1
    Use: Potion            |       |       |     2 ||     2
   Stab: Sleeping          |     3 |     3 |    10 ||    16
 Armour: Skin              |    10 |    61 |    55 ||   126
  Dodge: Dodged            |    27 |    63 |    33 ||   123

Table legend: (Time is in decaauts)
 A = Elapsed time spent in this place.
 B = Non-inter-level travel time spent in this place.
 C = Inter-level travel time spent in this place.
 D = Time resting spent in this place.
 E = Time spent auto-exploring this place.
 F = Levels seen in this place.
 G = Mean time per level.
                   A        B        C        D        E       F      G
               +--------+--------+--------+--------+--------+-----+--------+
         Total |   2860 |   2737 |    123 |     19 |   1942 |   6 |  476.7 |
       Dungeon |   2860 |   2737 |    123 |     19 |   1942 |   6 |  476.7 |
               +--------+--------+--------+--------+--------+-----+--------+

Top non-repeatable levels by time:
     D:4: 889 daAuts
     D:1: 626 daAuts
     D:2: 511 daAuts
     D:3: 472 daAuts
     D:5: 249 daAuts
     D:6: 111 daAuts
